 Dungeon Crawl Stone Soup version 0.17.2-1-ge4368a0 (webtiles) character file.

12000 Goblin1989 the Covert (level 11, -4/55 (56) HPs)
             Began as a Spriggan Assassin on Mar 15, 2017.
             Was an Elder of Cheibriados.
             Slain by a gnoll
             ... wielding a +3 halberd of electrocution
              (14 damage)
             ... in a bailey on Mar 16, 2017.
             The game lasted 01:23:29 (15081 turns).

Goblin1989 the Covert (Spriggan Assassin)          Turns: 15081, Time: 01:23:30

HP:   -4/55 (56)    AC:  6    Str: 19    XL:     11   Next: 56%
MP:   19/19         EV: 31    Int: 24    God:    Cheibriados [****..]
Gold: 606           SH:  0    Dex: 30    Spells: 2 memorised, 7 levels left

rFire  . . .     SeeInvis +     a - +5 short sword (venom)
rCold  . . .     Clarity  .     U - +0 steam dragon armour
rNeg   + . .     SustAt   .     (shield restricted)
rPois  .         Gourm    .     (helmet restricted)
rElec  .         Spirit   .     d - +0 cloak
rCorr  +         Warding  .     (gloves unavailable)
rMut   .         Stasis   .     (boots unavailable)
MR     +....                    g - amulet of resist corrosion
Stlth  +++++++...               i - ring of positive energy
                                y - ring of wizardry

@: very slow, somewhat resistant to hostile enchantments, extremely stealthy
A: unfitting armour, talons 1, see invisible, herbivore 3, speed 3, slow
metabolism 2, strong 1
a: Bend Time, Temporal Distortion, Slouch, Renounce Religion


You were in a bailey.
You worshipped Cheibriados.
Cheibriados was greatly pleased with you.
You were full.

You visited 2 branches of the dungeon, and saw 13 of its levels.
You also visited: Ossuary and Bailey.

You collected 814 gold pieces.
You spent 208 gold pieces at shops.

Inventory:

Hand Weapons
 a - a +5 short sword of venom (weapon)
 b - a +3 dagger of holy wrath
 w - a +0 blowgun {@w1}
 X - a +2 short sword of electrocution
Missiles
 h - 55 poisoned needles
 q - 3 exploding tomahawks (quivered)
 r - 16 tomahawks of dispersal
 R - 35 tomahawks of returning
Armour
 d - a +0 cloak (worn)
 U - a +0 steam dragon armour (worn)
 Z - a +0 buckler
Jewellery
 g - an amulet of resist corrosion (around neck)
 i - a ring of positive energy (right hand)
 y - a ring of wizardry (left hand)
 N - a ring of ice
 S - a ring of sustain attributes
Wands
 f - a wand of disintegration (20)
 n - a wand of frost (16)
 t - a wand of cold (7)
 C - a wand of confusion (28)
 E - a wand of enslavement (11)
 J - a wand of disintegration (16)
 L - a wand of lightning (14)
 V - a wand of slowing (28)
 Y - a wand of disintegration (10)
Scrolls
 o - 2 scrolls of amnesia
 p - 3 scrolls of blinking {unknown}
 u - 3 scrolls of noise
 v - a scroll of recharging
 F - 2 scrolls of fear
 H - a scroll of vulnerability {unknown}
 M - 2 scrolls of magic mapping
 T - a scroll of teleportation
Potions
 c - 2 potions of flight
 k - a potion of resistance
 l - a potion of magic
 m - 2 potions of cure mutation {!q}
 s - 9 potions of curing {@q1}
 x - 3 potions of brilliance
 z - 2 potions of agility
 A - a potion of might
 B - 2 potions of cancellation
 D - 5 potions of heal wounds {@q2, !q}
 I - a potion of invisibility
 O - a potion of mutation {unknown}
Books
 j - a book of the Dragon

   Spells                             Type                      Level
   a - Flame Tongue                   Conjuration/Fire             1
   b - Cause Fear                     Hexes                        4
   c - Bolt of Fire                   Conjuration/Fire             6
   d - Dragon Form                    Transmutation                7
   e - Dragon's Call                  Summoning                    9
 G - a book of Power

   Spells                             Type                      Level
   a - Fulminant Prism                Conjuration/Hexes            4
   b - Iskenderun's Mystic Blast      Conjuration                  4
   c - Venom Bolt                     Conjuration/Poison           5
   d - Bolt of Magma                  Conjuration/Fire/Earth       5
   e - Iron Shot                      Conjuration/Earth            6
   f - Orb of Destruction             Conjuration                  7
   g - Spellforged Servitor           Conjuration/Summoning        7
 K - a book of Annihilations

   Spells                             Type                      Level
   a - Poison Arrow                   Conjuration/Poison           6
   b - Chain Lightning                Conjuration/Air              8
   c - Lehudib's Crystal Spear        Conjuration/Earth            8
   d - Glaciate                       Conjuration/Ice              9
   e - Fire Storm                     Conjuration/Fire             9
 Q - a book of Burglary

   Spells                             Type                      Level
   a - Swiftness                      Charms/Air                   2
   b - Passwall                       Transmutation/Earth          3
   c - Passage of Golubria            Translocation                4
   d - Lee's Rapid Deconstruction     Earth                        5
   e - Darkness                       Hexes                        6
   f - Invisibility                   Hexes                        6
Comestibles
 e - a bread ration {@e1}
 P - 12 fruits
 W - 7 slices of pizza


   Skills:
 - Level 6.0 Fighting
 - Level 10.8 Short Blades
 - Level 2.0 Throwing
 - Level 10.0 Dodging
 - Level 11.9 Stealth
 + Level 4.5 Shields
 * Level 4.8 Spellcasting
 * Level 7.7 Hexes
 + Level 4.0 Evocations


You had 7 spell levels left.
You knew the following spells:

 Your Spells              Type           Power        Failure   Level  Hunger
a - Iron Shot             Conj/Erth      #.........   100%        6    #######
I - Invisibility          Hex            #####...     38%         6    #######


Dungeon Overview and Level Annotations

Branches:
Dungeon (12/15)            Temple (1/1) D:4            Lair (0/8) D:11
    Orc (0/4) D:11

Altars:
Ashenzari
Cheibriados
Dithmenos
Elyvilon
Fedhas
Gozag
Kikubaaqudgha
Makhleb
Nemelex Xobeh
Okawaru
Qazlal
Ru
Sif Muna
Trog
Vehumet
Xom
Yredelemnul
Zin
The Shining One

Shops:
D:10 (}?

Annotations:
D:3 exclusions: door and downstairs


Innate Abilities, Weirdness & Mutations

You are tiny and cannot use many weapons and most armour.
You have supernaturally acute eyesight.
You are a herbivore.
You cover ground extremely quickly.
You need consume almost no food.
You have sharp toenails.
Your muscles are strong. (Str +2)


Message History

There is an open door here.
You see here a kobold corpse.
D - 5 potions of heal wounds {@q2, !q} (gained 2)
R - 35 tomahawks of returning (gained 4)
Things that are here:
a halberd of electrocution; a gnoll corpse
There is an open door here.
You see here a kobold corpse.
Things that are here:
a halberd of electrocution; a kobold corpse
Things that are here:
a halberd of electrocution; a gnoll corpse
There is an open door here.
A gnoll and a kobold come into view.
A hobgoblin comes into view.
Health restored: 55
There is an open door here.
You open the door.
A gnoll comes into view.
It is wielding a halberd of electrocution.
The gnoll moves out of view.
A kobold comes into view.
There is an open door here.
There is an open door here.
A gnoll comes into view. It is wielding a halberd.
The hobgoblin shouts!
The hobgoblin completely misses you. x2
The gnoll shouts!
The kobold shouts!
The gnoll shouts!
The hobgoblin shouts!
You hear a shout!
You barely miss the hobgoblin.
You claw the hobgoblin, but do no damage.
A gnoll comes into view.
It is wielding a halberd of electrocution.
You hit the hobgoblin.
You kill the hobgoblin!
Cheibriados appreciates the change of pace.
Cheibriados raises the support of your attributes as your movement slows.
The gnoll closely misses you. The hobgoblin completely misses you.
You puncture the hobgoblin!
You kill the hobgoblin!
Cheibriados appreciates the change of pace.
You hit the gnoll but do no damage.
The gnoll is poisoned.
Your kick misses the gnoll. You hit the kobold but do no damage.
The kobold is poisoned.
Your kick misses the kobold. The gnoll completely misses you.
The gnoll completely misses you.
The gnoll hits you from afar with a halberd!
You take 11 damage, and have 44/55 hp.
You puncture the kobold!
You kill the kobold!
Cheibriados thoroughly appreciates the change of pace.
You hit the gnoll. You claw the gnoll, but do no damage.
The gnoll is lightly wounded.
The kobold throws a tomahawk of returning.
The tomahawk of returning completely misses you.
The gnoll completely misses you. The gnoll closely misses you.
The gnoll completely misses you.
A hobgoblin comes into view.
The kobold throws a tomahawk of returning.
The tomahawk of returning hits you but does no damage.
The gnoll barely misses you.
There is an open door here.
You see here a tomahawk of returning.
The hobgoblin throws a tomahawk of returning.
The tomahawk of returning completely misses you.
The weapon returns to the hobgoblin!
The gnoll picks up 2 potions of magic.
The gnoll misses you. The gnoll completely misses you.
The gnoll completely misses you. x2
There is an open door here.
You see here a tomahawk of returning.
The hobgoblin shouts!
You hit the gnoll.
The gnoll looks even sicker.
Your kick misses the gnoll.
The gnoll is severely wounded.
The gnoll hits you with a halberd. The gnoll completely misses you.
You take 2 damage, and have 43/55 hp.
You hit the gnoll. You claw the gnoll, but do no damage.
The gnoll is almost dead.
You kill the gnoll!
Cheibriados appreciates the change of pace.
The hobgoblin throws a tomahawk of returning.
The tomahawk of returning completely misses you.
The weapon returns to the hobgoblin!
The gnoll completely misses you. The hobgoblin misses you.
The gnoll hits you with a halberd of electrocution!
You are electrocuted!
* * * LOW HITPOINT WARNING * * *
The gnoll misses you.
Things that are here:
a halberd; a tomahawk of returning You take 22 damage, and have 21/55 hp.
MASSIVE DAMAGE!!
Read which item? (? for menu, Esc to quit)
Okay, then.
Unknown command.
The gnoll hits you from afar with a halberd of electrocution!
* * * LOW HITPOINT WARNING * * *
The hobgoblin throws a tomahawk of returning.
The tomahawk of returning completely misses you.
The weapon returns to the hobgoblin!
The gnoll hits you from afar with a halberd of electrocution.
* * * LOW HITPOINT WARNING * * *
You are electrocuted!
You die...

███...†)█████.....█
█.∆..Ψ..∆.█.∆..∩..∆
███.....█████.....█
██.....█ ██.....█
██∆██∆██∆███∆██∆██∆
█.███.█ █.█)███.█ █
█∆█ ███


████ ███ █.██ █ █.█g█ ██@██g██∆█ █K█ ██)gK..█ █g █ggg..█ ∆..Ψ..∆.█ ██.....███
█.....█ ∆██∆██∆█ █ .█ █.∆ ██ ██ You could see 2 gnolls, 2 hobgoblins and a
kobold.

Vanquished Creatures
  Erolcha (D:12)
  A hydra (D:8)
  2 hill giants
  2 gargoyles
  2 trolls
  A two-headed ogre (D:11)
  2 deep elf magi (D:11)
  A steam dragon (D:7)
  13 yaks
  Edmund (D:4)
  A water moccasin (D:8)
  2 porcupines (D:11)
  2 phantoms
  A wasp (D:10)
  2 ice beasts
  4 sky beasts
  An eye of draining (D:10)
  5 orc warriors
  A black bear (D:9)
  A necrophage (D:11)
  3 ogres
  5 centaurs
  7 big kobolds
  4 giant frogs
  16 scorpions
  4 hounds
  5 killer bees (D:10)
  5 crimson imps
  2 centaur zombies (Ossuary)
  2 jellies
  2 human zombies (Ossuary)
  Crazy Yiuf (D:4)
  3 giant frog skeletons
  2 giant frog zombies
  5 orc priests
  5 iguanas
  A lava snake (D:8)
  6 orc wizards
  A hell rat (D:11)
  Jessica (D:2)
  7 worker ants
  2 sheep (D:8)
  2 mummies (Ossuary)
  3 hound skeletons
  A worker ant zombie (D:10)
  Robin (D:4)
  12 adders
  9 gnolls
  5 scorpion zombies (Ossuary)
  3 river rats (D:11)
  An ooze (D:2)
  2 adder zombies
  An adder skeleton (D:2)
  4 worms
  12 giant geckos
  43 orcs
  A ball python (D:1)
  8 giant cockroaches
  19 hobgoblins
  17 jackals
  5 bats
  2 giant gecko skeletons (D:4)
  4 giant newts
  2 gnoll zombies (Ossuary)
  15 goblins
  2 goblin zombies (Ossuary)
  4 hobgoblin zombies (Ossuary)
  A jackal zombie (D:5)
  20 kobolds
  10 quokkas
  2 quokka skeletons
  A quokka zombie (D:2)
  9 rats
356 creatures vanquished.

Vanquished Creatures (others)
  A mummy (Ossuary)
1 creature vanquished.

Grand Total: 357 creatures vanquished

Notes
Turn   | Place    | Note
--------------------------------------------------------------
     0 | D:1      | Goblin1989 the Spriggan Assassin began the quest for the Orb.
     0 | D:1      | Reached XP level 1. HP: 10/10 MP: 2/2
    89 | D:1      | Reached skill level 6 in Stealth
   213 | D:1      | Wingboner: Кревед.
   221 | D:1      | Wingboner: !lm goblin1989
   226 | D:1      | beem: 11214. [2017-03-15 10:01:42] Goblin1989 the Sneak (L1 SpAs) began the quest for the Orb on turn 0. (D:1)
   258 | D:1      | Goblin1989: привет
   305 | D:1      | Goblin1989: я же кстати в 0,14 выиграл все-таки
   510 | D:1      | Wingboner: !lg goblin1989 cv=0.14.2 won
   510 | D:1      | beem: No games for goblin1989 (cv=0.14.2 won).
   510 | D:1      | Wingboner: !lg goblin1989 cv=0.14 won
   510 | D:1      | beem: 1. Goblin1989 the Evocator (L27 GrFi of Makhleb), escaped with the Orb and 3 runes on 2017-03-10 09:38:10, with 1528772 points after 99945 turns and 8:59:30.
   519 | D:1      | Wingboner: Хехе.
   525 | D:1      | Wingboner: И как оно?
   525 | D:1      | Goblin1989: в зот-5 тяжко
   525 | D:1      | Goblin1989: у мнея было 2 амулета - рмут и корсервэйшн
   525 | D:1      | Goblin1989: и хз что когда напротив тебя стоит орб
   525 | D:1      | Goblin1989: короче половина или даже больше свитков погорела нафиг
   525 | D:1      | Wingboner: Ну тут вариант ещё был плащ надеть.
   525 | D:1      | Goblin1989: плаща не было
   525 | D:1      | Wingboner: С драконидов в зоте обычно 2-3 падает.
   525 | D:1      | Goblin1989: не нашел
   525 | D:1      | Goblin1989: видимо не повезло
   530 | D:1      | Goblin1989: а в целом весело
   530 | D:1      | Goblin1989: макхалеб вообще имбовый
   530 | D:1      | Goblin1989: видимо из-за того что я жертвовал ему трупы маети было большое и хилил он ну очень сильно
   530 | D:1      | Wingboner: !log goblin1989 cv=0.14 won
   530 | D:1      | beem: 1. Goblin1989, XL27 GrFi, T:99945: http://crawl.xtahua.com/crawl/morgue/Goblin1989/morgue-Goblin1989-20170310-093810.txt
   530 | D:1      | Wingboner: Действительно, ни одного.
   530 | D:1      | Wingboner: Хил Хлеба вроде какой был, такой и остался.
   530 | D:1      | Goblin1989: ну по крайней мере он хилит об саммонов окавару
   541 | D:1      | Reached XP level 2. HP: 14/14 MP: 3/3
   542 | D:1      | Goblin1989: у меня получилась одна игра в 0,14 и одна победа :)
   851 | D:2      | Reached skill level 7 in Stealth
   913 | D:2      | Reached XP level 3. HP: 15/18 MP: 4/4
   941 | D:2      | Found a faded altar to an unknown god.
   999 | D:2      | Reached skill level 8 in Stealth
  1623 | D:4      | Noticed a scorpion
  1720 | D:3      | Reached XP level 4. HP: 22/22 MP: 5/5
  1756 | D:3      | Goblin1989: эгей, да у меня идея появилась!
  1756 | D:3      | Goblin1989: мне нужен чеи!
  1820 | D:1      | Wingboner: Кек.
  1820 | D:1      | Wingboner: Нет, ну Че это всегда хорошо.
  1820 | D:1      | Goblin1989: я нашел книгу аннигиляции
  1820 | D:1      | Wingboner: Ыы.
  1820 | D:1      | Goblin1989: покастовать что ли
  2043 | D:2      | Found a glowing golden altar of the Shining One.
  2103 | D:2      | Reached skill level 1 in Spellcasting
  2136 | D:2      | fotsohgehT: очень рано начал кастинг качать
  2137 | D:2      | fotsohgehT: даже ельф только к лейру в это могёт
  2137 | D:2      | Goblin1989: мне нужно пару слов чтобы 9-у выучить
  2205 | D:2      | Wingboner: Тебе нужно сначала дожить до этого.
  2207 | D:2      | Wingboner: Что будет очень сложно с таким билдом.
  2212 | D:2      | fotsohgehT: ты не доживёшь даже до лейра с такими скиллами
  2437 | D:2      | Goblin1989: я вчера до д8 дожил качая один только стелс ;)
  2446 | D:2      | fotsohgehT: стелс дает стаб
  2448 | D:2      | fotsohgehT: и вначале очень крут
  2448 | D:2      | Goblin1989: да я просто веселился
  2473 | D:2      | Noticed Jessica
  2519 | D:2      | Killed Jessica
  2519 | D:2      | Reached skill level 9 in Stealth
  2803 | D:3      | Wingboner: !lm dpeg type=br.enter place=l:1 fifteenskills=dodging
  2810 | D:3      | beem: No milestones for dpeg (type=br.enter place=l:1 fifteenskills=dodging).
  2812 | D:3      | Wingboner: !lm * type=br.enter place=l:1 fifteenskills=dodging
  2812 | D:3      | beem: No milestones for * (type=br.enter place=l:1 fifteenskills=dodging).
  2819 | D:3      | Wingboner: Хм.
  2825 | D:3      | Reached XP level 5. HP: 23/25 MP: 7/7
  2913 | D:3      | Wingboner: Точно помню, что какой-то дев чисто по приколу играл хумо, качая только додж и ничего больше.
  2973 | D:3      | Wingboner: Дошёл до конца зоопарка, посмотрел на офигенный лут и дальше пошёл просто играть нормально.
  3097 | D:3      | Found a basalt altar of Yredelemnul.
  3148 | D:3      | Found a shimmering altar of Xom.
  3172 | D:3      | Noticed a sky beast
  3214 | D:3      | Killed a sky beast
  3276 | D:3      | Goblin1989: а какие ники у дэвов?
  3503 | D:3      | Found a shadowy altar of Dithmenos.
  3514 | D:3      | Wingboner: %git :/acknowledge
  3518 | D:3      | beem: regret-index * 0.19-a0-720-g2c7957d: Adjust meliai, use newly-formicid entropy weavers in the same capacity (9 months ago, 7 files, 125+ 102-) https://github.com/crawl/crawl/commit/2c7957d687fb
  3518 | D:3      | Wingboner: %git :/acknowledgements
  3518 | D:3      | beem: Could not find commit :/acknowledgements (git returned 128)
  3791 | D:3      | Found a blossoming altar of Fedhas.
  3793 | D:3      | Goblin1989: лан, мне работать пора
  3793 | D:3      | Goblin1989: начальство прибыло
  3793 | D:3      | Goblin1989: после обеда буду
  4014 | D:4      | Reached XP level 6. HP: 30/30 MP: 8/8
  4016 | D:4      | Found a staircase to the Ecumenical Temple.
  4026 | Temple   | Entered the Ecumenical Temple
  4113 | D:4      | Noticed an ogre
  4167 | D:4      | Killed an ogre
  4329 | D:4      | Noticed Edmund
  4344 | D:4      | Killed Edmund
  4344 | D:4      | Reached XP level 7. HP: 30/35 MP: 9/9
  4349 | D:4      | Noticed Robin
  4435 | D:4      | Killed Robin
  4663 | D:4      | Killed a scorpion
  4663 | D:4      | Reached skill level 5 in Short Blades
  4798 | D:4      | Noticed Crazy Yiuf
  4812 | D:4      | Killed Crazy Yiuf
  4812 | D:4      | Reached skill level 10 in Stealth
  5097 | D:5      | Entered Level 5 of the Dungeon
  5534 | D:5      | Found an iron altar of Okawaru.
  5536 | D:5      | Found an ancient bone altar of Kikubaaqudgha.
  5536 | D:5      | Found a bloodstained altar of Trog.
  5537 | D:5      | Found a snail-covered altar of Cheibriados.
  5552 | D:5      | Became a worshipper of Cheibriados the Contemplative
  5744 | D:5      | Found a sacrificial altar of Ru.
  5944 | D:5      | Reached skill level 5 in Dodging
  6299 | D:6      | Reached XP level 8. HP: 40/40 MP: 10/10
  6390 | D:6      | Found a sand-covered staircase.
  6398 | Ossuary  | Entered an ossuary
  7560 | Ossuary  | Reached skill level 11 in Stealth
  7848 | D:6      | Reached XP level 9. HP: 41/45 MP: 11/11
  7861 | D:6      | Reached skill level 1 in Evocations
  8114 | D:6      | Gained mutation: Your muscles are strong. (Str +2) [potion of beneficial mutation]
  8115 | D:6      | Gained mutation: You have sharp toenails. [potion of beneficial mutation]
  8188 | D:6      | Found an opulent altar of Gozag.
  8188 | D:6      | Found a sparkling altar of Nemelex Xobeh.
  8361 | D:6      | Found a radiant altar of Vehumet.
  8425 | D:6      | Learned a level 6 spell: Iron Shot
  8492 | D:7      | HP: 2/46 [steam dragon/ball of steam (19)]
  8811 | D:7      | Got a brightly glowing morningstar
  9055 | D:7      | Reached * piety under Cheibriados
  9340 | D:8      | Reached skill level 5 in Fighting
  9459 | D:8      | Learned a level 6 spell: Invisibility
  9585 | D:8      | Reached skill level 1 in Hexes
 10131 | D:8      | Noticed a two-headed hydra
 10134 | D:8      | Killed a two-headed hydra
 10134 | D:8      | Reached XP level 10. HP: 51/51 MP: 14/14
 10138 | D:8      | Identified the cursed +1 morningstar of Lies {speed, rPois} (You found it on level 7 of the Dungeon)
 10539 | D:9      | Found a shadowy altar of Dithmenos.
 10700 | D:9      | Goblin1989: твою мать, как же хорошо что это 0.17
 10700 | D:9      | Goblin1989: в 0.19 уже проклятие не снимешь свитками энчанта
 10700 | D:9      | Goblin1989: э
 10841 | D:9      | Reached skill level 10 in Short Blades
 10883 | D:9      | Reached skill level 5 in Hexes
 11072 | D:10     | Entered Level 10 of the Dungeon
 11077 | D:10     | Reached skill level 1 in Shields
 11603 | D:10     | Found a blossoming altar of Fedhas.
 11628 | D:10     | Found Wuvusuph's Magic Scroll Boutique.
 11632 | D:10     | Bought a scroll of identify for 22 gold pieces
 11632 | D:10     | Bought a scroll of fear for 38 gold pieces
 11632 | D:10     | Bought a scroll of identify for 22 gold pieces
 11632 | D:10     | Bought a scroll of remove curse for 33 gold pieces
 11632 | D:10     | Bought a scroll of magic mapping for 38 gold pieces
 11632 | D:10     | Bought a scroll of identify for 22 gold pieces
 11915 | D:10     | Reached ** piety under Cheibriados
 12286 | D:10     | Found Ecwoasim's Gadget Emporium.
 12286 | D:10     | Found Yhanayve's Weapon Boutique.
 12294 | D:10     | Reached XP level 11. HP: 56/56 MP: 15/15
 12320 | D:10     | Soeti: нормальная такая пушка
 12329 | D:10     | Goblin1989: для сприггана - идеальная
 12366 | D:10     | Soeti: осталось только дожить до этого количества голды) А это леер или орки
 12421 | D:10     | Goblin1989: я думаю на первых орках уже можно столько собрать
 12425 | D:10     | Noticed a red ugly thing
 12443 | D:10     | fotsohgehT: ксатит, о голде и орках
 12459 | D:10     | fotsohgehT: у них столько же денег осталось в новых версиях?
 12468 | D:10     | fotsohgehT: этижи-то порезали
 12468 | D:10     | Goblin1989: да
 12475 | D:10     | Soeti: Меньше же
 12475 | D:10     | Goblin1989: нет
 12475 | D:10     | Goblin1989: удвоили дропъ
 12602 | D:10     | Soeti: фот, а ты че не в чатиге в телеговском?
 12733 | D:10     | fotsohgehT: а зачем?
 12840 | D:10     | Soeti: банально удобней
 13001 | D:10     | fotsohgehT: "удобней" что?
 13019 | D:10     | fotsohgehT: и по сравнению с чем?
 13104 | D:11     | Soeti: потрепаться о кравле.
 13109 | D:11     | Found a staircase to the Lair.
 13196 | D:11     | Reached *** piety under Cheibriados
 13684 | D:11     | Reached skill level 10 in Dodging
 13793 | D:11     | fotsohgehT: >xuebaca
 13796 | D:11     | fotsohgehT: веобу-феминистка
 13974 | D:11     | Found a staircase to the Orcish Mines.
 14011 | D:11     | Noticed a hill giant
 14024 | D:11     | Killed a hill giant
 14237 | D:10     | Bought a scroll of remove curse for 33 gold pieces
 14255 | D:10     | Goblin1989: это где? о_ОР
 14255 | D:10     | Goblin1989: о_О
 14384 | D:11     | fotsohgehT: свиток же
 14384 | D:11     | Soeti: Гоблин, призму че не учишь?
 14384 | D:11     | Goblin1989: no
 14384 | D:11     | fotsohgehT: потому что нинужна
 14397 | D:11     | Reached **** piety under Cheibriados
 14644 | D:11     | Soeti: хз, я вот вчера орки и леер прощел за GrEE. Очень даже пригодилась
 14651 | D:12     | Noticed a hill giant
 14668 | D:12     | Killed a hill giant
 14669 | D:12     | Wingboner: Неплохо приодет для текущего уровня.
 14677 | D:12     | fotsohgehT: сейчас тебе казул объяснит, что орки надо чистить шаттером
 14677 | D:12     | Wingboner: Кек.
 14677 | D:12     | Wingboner: Игнишеном надо!
 14677 | D:12     | Wingboner: Он лучше!
 14677 | D:12     | Wingboner: =)
 14714 | D:12     | Noticed Erolcha
 14721 | D:12     | Goblin1989: сука
 14721 | D:12     | Goblin1989: нахуй она блинкнулась
 14721 | D:12     | Wingboner: Чтоб тебя изнакурножить.
 14721 | D:12     | Goblin1989: теперь либо банишмент, либо ЛКС
 14721 | D:12     | Soeti: игнишин пойзон? У мну был, но без какого-нибудь токсик радианс от него нет толку
 14729 | D:12     | Goblin1989: ок
 14729 | D:12     | Goblin1989: резист нужен
 14729 | D:12     | Soeti: Да посохом ебни ее
 14736 | D:12     | Killed Erolcha
 14748 | D:12     | Found a flagged portal.
 14752 | D:12     | Wingboner: Soeti, нет.
 14753 | D:12     | Wingboner: ??ignition
 14754 | D:12     | beem: ignition[1/1]: Level 8 Fire spell that drops a fireball-like explosion on every hostile monster in LOS (except {firewood} and tentacle segments). The explosions can't hurt the player or allies. Replaces Delayed Fireball in 0.20. Damage per explosion is 3d(3.33+power/9).
 14915 | D:12     | Wingboner: Новый сверхэпический IMMOLATE IMPROVED!!11
 14941 | Bailey   | Entered a bailey
 14959 | Bailey   | Wingboner: Ха, электрический форт.
 14983 | Bailey   | Wingboner: Тут вроде штук 6 алебард электрических.
 14984 | Bailey   | Wingboner: И все тебе бесполезны.
 15024 | Bailey   | Soeti: Лучше б сингулярность вернули
 15024 | Bailey   | Goblin1989: кстати, я раньше не знал что с ростом паети растет замедление чеи
 15061 | Bailey   | Wingboner: Статы растут, замедление растёт, абилки появляются.
 15081 | Bailey   | fotsohgehT: раньше оно не расло
 15081 | Bailey   | Wingboner: Вот две электрических алебарды.
 15081 | Bailey   | Wingboner: Дратути.
 15081 | Bailey   | Slain by a gnoll

Action                   |  1- 3 |  4- 6 |  7- 9 | 10-12 || total
-------------------------+-------+-------+-------+-------++-------
Melee: Dagger            |   111 |    35 |   206 |    16 ||   368
       Short sword       |       |    75 |   302 |   416 ||   793
 Fire: Blowgun           |     7 |    16 |    30 |    86 ||   139
Throw: Tomahawk          |       |     2 |     1 |     1 ||     4
Invok: Bend Time         |       |       |       |     1 ||     1
Evoke: Wand              |       |       |       |     2 ||     2
  Use: Scroll            |       |       |    19 |    18 ||    37
       Potion            |       |       |     4 |     2 ||     6
 Stab: Sleeping          |    14 |    12 |    40 |    32 ||    98
       Distracted        |     2 |     4 |     1 |     2 ||     9
       Confused          |       |       |       |     1 ||     1
  Eat: Pizza             |       |       |     2 |       ||     2
       Bread ration      |       |       |     1 |       ||     1
       Fruit             |       |       |       |    10 ||    10

Vault maps used:
D:1:      evilmike_arrival_crescent, kennysheep_nondescript,
          nrook_mini_backslash, minmay_distorted
D:2:      nicolae_tso_carved_into_rock, serial_undead, serial_undead_a,
          serial_undead_c, serial_undead_a, serial_undead_c, ecumenical_altar_1,
          uniq_jessica
D:3:      yredelemnul_forgotten_temple_becter, nicolae_overflow_hidden_temple,
          first_bread, grunt_dithmenos_smoke_and_mirrors
D:4:      temple_fountains, uniq_crazy_yiuf_cottage, uniq_edmund, uniq_robin
D:5:      minitemple
D:6:      grunt_temple_overflow_opulence, lemuel_doored_altar,
          nicolae_ossuary_entry_plus
D:8:      wad_bat_island, hangedman_ranch, kennysheep_pointless_box,
          grunt_decor_cap
D:9:      lemuel_crystal_altar, minmay_unpleasant_kobolds
D:10:     serial_shops, shop, shop_statue, nicolae_shop_crystal, fedhas_altar_1
D:11:     dpeg_lair_monsters, hiddenorc1_lemuel
D:12:     special_room, enter_bailey_2, minivault_25_ag, uniq_erolcha
Temple:   nicolae_temple_hex_pool
Ossuary:  ossuary_minmay_scorpions
Bailey:   bailey_axe_2, bailey
